 Dungeon Sprint DCSS version 0.21-a0-104-g7b58145 (webtiles) character file.

273 Kidiri the Covert (level 6, -6/32 HPs)
             Began as a Spriggan Enchanter on July 6, 2017.
             Mangled by a tyrant leech (23 damage)
             ... in the Dungeon (Sprint II: "The Violet Keep of Menkaure").
             The game lasted 00:01:34 (409 turns).

Kidiri the Covert (Spriggan Enchanter)               Turns: 409, Time: 00:01:35

Health: -6/32      AC:  2    Str:  4    XL:     6   Next: 3%
Magic:  3/17       EV: 24    Int: 17    God:
Gold:   243        SH:  0    Dex: 18    Spells: 7/19 levels left

rFire    . . .     SeeInvis +   a - +1 dagger
rCold    . . .     Gourm    .   (shield restricted)
rNeg     . . .     Faith    .   b - +0 robe
rPois    .         Spirit   .   (helmet restricted)
rElec    .         Reflect  .   (no cloak)
rCorr    .         Harm     .   (gloves unavailable)
MR       +....     NoTele   +   (boots unavailable)
Stlth    ++++......             (no amulet)
HPRegen  0.10/turn              (no ring)
MPRegen  0.15/turn              (no ring)

@: very quick
A: unfitting armour, see invisible, herbivore 3, speed 3, slow metabolism 2
a: no special abilities


You were in the Dungeon.
You were not hungry.

You visited 1 branch You collected 243 gold pieces.

Inventory:

Hand Weapons
 a - a +1 dagger (weapon)
Armour
 b - a +0 robe (worn)
Scrolls
 j - a scroll of blinking
Potions
 e - a potion of curing
 g - a potion of haste
 h - a potion of magic
 i - a potion of berserk rage
Books
 c - a book of Maledictions

   Spells                             Type                      Level
   a - Corona                         Hexes                        1
   b - Ensorcelled Hibernation        Hexes/Ice                    2
   c - Confuse                        Hexes                        3
   d - Tukima's Dance                 Hexes                        3
   e - Dazzling Spray                 Conjuration/Hexes            3
Comestibles
 d - a bread ration


   Skills:
 + Level 2.8 Fighting
 * Level 5.8 Short Blades
 + Level 2.5 Armour
 * Level 8.1 Dodging
 * Level 9.4 Stealth
 * Level 7.0 Spellcasting
 + Level 5.8 Hexes


You had 7 spell levels left.
You knew the following spells:

 Your Spells              Type           Power        Failure   Level  Hunger
a - Corona                Hex            ####...      1%          1    None
b - Ensorcelled Hibernat  Hex/Ice        ###...       5%          2    None
c - Confuse               Hex            ####....     3%          3    ##.....
d - Tukima's Dance        Hex            ####....     3%          3    ##.....
e - Dazzling Spray        Conj/Hex       ###...       11%         3    ##.....


Dungeon Overview and Level Annotations

Branches:
Dungeon (1/1)

Altars:


Innate Abilities, Weirdness & Mutations

You are very small and have problems with some larger weapons.
You are too small for most types of armour.
You have supernaturally acute eyesight. (SInv)
You are a herbivore.
You cover ground extremely quickly.
You need consume almost no food.


Message History

You have reached level 5!
You feel clever.
You have reached level 6!
Your experience leads to an increase in your attributes!
Increase (S)trength, (I)ntelligence, or (D)exterity?
You feel agile.
Unknown command.
There is an open door here.
Casting: Dazzling Spray
Confirm with . or Enter, or press ? or * to list all spells.
Aiming: Ensorcelled Hibernation
Press: ? - help, Shift-Dir - straight line, f - tyrant leech
Aim: a tyrant leech (chance to defeat MR: 28%)
The tyrant leech looks drowsy...
The helpless tyrant leech fails to defend itself.
You stick the tyrant leech like a pincushion!!!
The tyrant leech is almost dead.
The tyrant leech bites you!!
Ouch! That really hurt!
You die...

## ## ##.
.## nn nn
.#. ## #+#
#.##
###.##...#
#+.w@'#
#.##.##..$#
#3
##+###.## #
##.#.####
#..#..#
###.### #+#


You could see a tyrant leech.

Vanquished Creatures
  A tyrant leech (D)
  4 worker ants (D)
5 creatures vanquished.

Vanquished Creatures (others)
  A crocodile (D)
1 creature vanquished.

Grand Total: 6 creatures vanquished

Notes
Turn   | Place    | Note
-------+----------+-------------------------------------------
     0 | D        | Kidiri the Spriggan Enchanter began the quest for the Orb.
     0 | D        | Reached XP level 1. HP: 9/9 MP: 5/5
     1 | D        | Noticed a necrophage
     1 | D        | Noticed a necrophage
     1 | D        | Noticed a necrophage
     1 | D        | Noticed a necrophage
     4 | D        | Noticed a tyrant leech
     4 | D        | Noticed a tyrant leech
     7 | D        | Noticed a worker ant
     7 | D        | Noticed a worker ant
     7 | D        | Noticed a worker ant
     7 | D        | Noticed a worker ant
    10 | D        | Noticed a neqoxec
    24 | D        | Killed a worker ant
    24 | D        | Reached skill level 1 in Fighting
    24 | D        | Reached skill level 5 in Stealth
    24 | D        | Reached XP level 2. HP: 13/14 MP: 4/7
    31 | D        | Learned a level 2 spell: Ensorcelled Hibernation
    99 | D        | Killed a crocodile
   280 | D        | Reached skill level 1 in Armour
   280 | D        | Reached skill level 6 in Stealth
   280 | D        | Reached XP level 3. HP: 18/18 MP: 1/9
   286 | D        | Reached skill level 5 in Dodging
   286 | D        | Reached XP level 4. HP: 19/22 MP: 3/11
   291 | D        | Learned a level 3 spell: Confuse
   295 | D        | Learned a level 3 spell: Tukima's Dance
   299 | D        | Learned a level 3 spell: Dazzling Spray
   305 | D        | Reached skill level 7 in Stealth
   305 | D        | Reached skill level 5 in Spellcasting
   405 | D        | Killed a tyrant leech
   405 | D        | Reached skill level 5 in Short Blades
   405 | D        | Reached skill level 9 in Stealth
   405 | D        | Reached skill level 5 in Hexes
   405 | D        | Reached XP level 5. HP: 14/28 MP: 4/15
   405 | D        | Reached XP level 6. HP: 17/32 MP: 4/17
   409 | D        | Mangled by a tyrant leech

Vault maps used:
D:        the_violet_keep_of_menkaure

Skill      XL: |  1  2  3  4 |
---------------+-------------+-----
Fighting       | 1 2 |  2.8
Short Blades   | 2 3 5 |  5.8
Dodging        | 4 5 8 |  8.1
Stealth        | 5 6 9 |  9.4
Spellcasting   | 3 4 7 |  7.0
Hexes          | 4 5 |  5.8
Armour         | 1 2 |  2.5

Action                   |  1- 3 |  4- 6 || total
-------------------------+-------+-------++-------
Melee: Dagger            |     9 |     9 ||    18
 Cast: Corona            |     1 |       ||     1
       Ensorcelled Hiber |     4 |     6 ||    10
       Dazzling Spray    |       |     1 ||     1
  Use: Potion            |     2 |       ||     2
 Stab: Sleeping          |     3 |     3 ||     6
       Invisible         |       |     1 ||     1
Armor: Robe              |     3 |       ||     3
Dodge: Dodged            |    19 |     7 ||    26
